 Dungeon Crawl Stone Soup version 0.28-a0-1339-ga5422284a4 (webtiles) character file.

Game seed: 9109064947823691879

9191 frimble the Slicer (level 11, -3/72 HPs)
             Began as a Demonspawn Warper on Dec 29, 2021.
             Was a High Priest of Cheibriados.
             Slain by an eight-headed hydra (13 damage)
             ... on level 11 of the Dungeon.
             The game lasted 00:15:49 (10464 turns).

frimble the Slicer (Demonspawn Warper)             Turns: 10464, Time: 00:15:50

Health: -3/72      AC:  9    Str: 24    XL:     11   Next: 19%
Magic:  24/24      EV: 14    Int: 32    God:    Cheibriados [*****.]
Gold:   636        SH:  0    Dex: 26    Spells: 2/14 levels left

rFire   + . .      SeeInvis .   J - +7 short sword "Hoirog" {vorpal, MP+9}
rCold   + + .      Faith    .   (no shield)
rNeg    . . .      Spirit   .   u - +1 steam dragon scales
rPois   .          Reflect  .   (no helmet)
rElec   .          Harm     .   i - scarf {rC+ rF+}
rCorr   .          Rampage  .   v - +0 pair of gloves
Will    +....                   t - +0 pair of boots
Stlth   ++++......              g - amulet of regeneration
HPRegen 1.02/turn               n - ring of willpower
MPRegen 0.19/turn               w - ring of protection from cold

@: on blink cooldown, very slow
A: powered by pain 2, sharp scales 1, weakness stinger 2
a: Renounce Religion, Bend Time, Temporal Distortion, Slouch, Step From Time


You were on level 11 of the Dungeon.
You worshipped Cheibriados.
Cheibriados was extremely pleased with you.
You visited 1 branch of the dungeon, and saw 11 of its levels.

You collected 636 gold pieces.

Inventory:

Hand Weapons
 a - a +0 falchion
 h - a +4 short sword of venom
 J - the +7 short sword "Hoirog" (weapon) {vorpal, MP+9}
   (You found it on level 11 of the Dungeon)

   It inflicts extra damage upon your enemies.
   MP:        It affects your magic capacity (+9).
Missiles
 d - 5 boomerangs of dispersal
 e - 8 boomerangs (quivered)
 l - 2 throwing nets
 z - 2 curare-tipped darts
Armour
 i - a scarf of resistance (worn)
 t - a +0 pair of boots (worn)
 u - +1 steam dragon scales (worn)
 v - a +0 pair of gloves (worn)
 y - a +0 cloak
 H - a +0 buckler
Jewellery
 g - an amulet of regeneration (around neck)
 n - a ring of willpower (left hand)
 w - a ring of protection from cold (right hand)
 C - a ring of poison resistance
 F - a +4 ring of protection
Wands
 D - a wand of flame (34)
 E - a wand of iceblast (6)
 G - a wand of polymorph (3)
Scrolls
 b - a scroll of amnesia
 c - a scroll of blinking
 m - a scroll of immolation
 s - 2 scrolls of identify
 A - 3 scrolls of teleportation
 I - a scroll of enchant armour
Potions
 f - 3 potions of curing
 j - a potion of cancellation
 k - 4 potions of lignification
 o - a potion of magic
 p - a potion of flight
 q - 2 potions of haste
 r - 2 potions of heal wounds
 x - a potion of might
 B - a potion of brilliance {unknown}


   Skills:
 - Level 2.0 Fighting
 + Level 9.2(9.3) Short Blades
 - Level 2.2(6.2) Long Blades
 - Level 5.3 Throwing
 - Level 0.8 Armour
 - Level 3.0 Dodging
 - Level 6.3 Stealth
 + Level 2.5 Shields
 - Level 2.0 Spellcasting
 + Level 1.4 Conjurations
 - Level 2.6 Translocations
 - Level 4.0 Transmutations
 - Level 4.0 Fire Magic
 - Level 4.0 Poison Magic
 - Level 6.2 Invocations
 - Level 4.8 Evocations


You had 2 spell levels left.
You knew the following spells:

 Your Spells              Type           Power      Damage    Failure   Level
a - Blink                 Tloc           40%        N/A       3%          2
b - Passwall              Tmut/Erth      13%        N/A       4%          2
c - Ignite Poison         Fire/Tmut/Pois 28%        N/A       4%          3
d - Irradiate             Conj/Tmut      10%        3d16      54%         5

Your spell library contained the following spells:

 Spells                   Type           Power      Damage    Failure   Level
 Ensorcelled Hibernation  Hex/Ice        6%         N/A       11%         2
 Sublimation of Blood     Necr           3%         N/A       11%         2
 Gell's Gravitas          Tloc           20%        N/A       7%          3
 Lesser Beckoning         Tloc           20%        N/A       7%          3
 Teleport Other           Tloc           20%        N/A       7%          3
 Mephitic Cloud           Conj/Pois/Air  14%        N/A       10%         3
 Stone Arrow              Conj/Erth      14%        3d7       16%         3
 Confusing Touch          Hex            3%         N/A       21%         3
 Swiftness                Air            3%         N/A       21%         3
 Tukima's Dance           Hex            3%         N/A       21%         3
 Petrify                  Tmut/Erth      16%        N/A       30%         4
 Manifold Assault         Tloc           20%        N/A       54%         5
 Animate Armour           Summ/Erth      6%         N/A       56%         4
 Yara's Violent Unravell  Hex/Tmut       8%         3d5       63%         5
 Freezing Cloud           Conj/Ice/Air   3%         6-21      85%         5
 Enfeeble                 Hex            1%         N/A       100%        7
 Lehudib's Crystal Spear  Conj/Erth      3%         10d3      100%        8


Dungeon Overview and Level Annotations

Branches:
Dungeon (11/15)            Temple (0/1) D:6            Lair (0/6) D:8
    Orc: D:9-12

Altars:
Cheibriados
Dithmenos
Elyvilon
Gozag
Hepliaklqana
Kikubaaqudgha
Qazlal
Ru
Trog
Uskayaw
Wu Jian
Yredelemnul
Zin

Annotations:
D:7 3 runed translucent doors, jayd512's ghost, novice DrCA


Innate Abilities, Weirdness & Mutations

You sometimes gain power by taking damage.
You are partially covered in razor-sharp scales. (AC +1, Slay +1)
You have a tail ending in a sharp stinger.


Message History

Press: ? - help, Q - select action, (/) - cycle Shift-Dir - straight line, f/p - eight-headed hydra
Aim: an eight-headed hydra (moderately wounded, 83% to hit)
You throw a boomerang.
The boomerang hits the eight-headed hydra.
The eight-headed hydra is moderately wounded.
Throw: 8 boomerangs
Press: ? - help, Q - select action, (/) - cycle Shift-Dir - straight line, f/p - eight-headed hydra
Aim: an eight-headed hydra (moderately wounded, 83% to hit)
You throw a boomerang.
The boomerang hits the eight-headed hydra!
The eight-headed hydra is moderately wounded.
You hit the eight-headed hydra.
The eight-headed hydra is heavily wounded.
You puncture the eight-headed hydra! You tail-slap the eight-headed hydra.
The eight-headed hydra is severely wounded.
You feel stable enough to blink again. The eight-headed hydra misses you.
The eight-headed hydra bites you! x2
The eight-headed hydra bites you but does no damage.
The eight-headed hydra barely misses you.
The eight-headed hydra misses you.
The eight-headed hydra bites you but does no damage. x2
Casting: Blink (safe; 3% risk of failure)
Confirm with . or Enter, or press ? or * to list all spells.
You blink.
Throw: 8 boomerangs
Press: ? - help, Q - select action, (/) - cycle Shift-Dir - straight line, f/p - eight-headed hydra
Aim: an eight-headed hydra (severely wounded, 83% to hit)
Okay, then.
Unknown command.
You puncture the eight-headed hydra!
The eight-headed hydra is almost dead.
The two-headed ogre hits you with a +0 giant spiked club!
You focus on the pain.
You feel your power returning.
The two-headed ogre hits you with a +0 dire flail!
The eight-headed hydra bites you! x2
* * * LOW HITPOINT WARNING * * *
The eight-headed hydra bites you!
* * * LOW HITPOINT WARNING * * *
The eight-headed hydra bites you!
You die...

################
...............
.............#
.......@.....#
.......OD....#
.............#
.............#
.............#
.............#####
..................
...........<......
.........######


You could see an eight-headed hydra and a two-headed ogre.

Vanquished Creatures
  Harold (D:9)
  A two-headed ogre (D:10)
  Joseph (D:10)
  Maggie (D:7)
  A komodo dragon (D:8)
  A troll (D:10)
  A hornet (D:7)
  A shadow (D:11)
  8 yaks (D:9)
  2 wyverns
  Grum (D:10)
  A steam dragon (D:8)
  An acid dragon (D:10)
  A water moccasin (D:7)
  7 orc warriors
  5 black bears
  An ice beast (D:5)
  2 ogres
  4 wolves (D:10)
  A centaur (D:8)
  4 kobold brigands
  5 bullfrogs
  A water moccasin zombie (D:6)
  A scorpion (D:5)
  A water moccasin skeleton (D:7)
  13 killer bees
  8 wights
  3 electric eels (D:6)
  4 howler monkeys
  A bullfrog zombie (D:5)
  2 hounds
  3 orc priests
  2 gnoll shamans (D:6)
  2 centaur skeletons
  2 iguanas (D:5)
  6 orc wizards
  A howler monkey zombie (D:9)
  19 gnolls (D:6)
  10 adders
  2 shadow imps
  An ufetubus (D:4)
  An adder skeleton (D:4)
  A worm (D:4)
  2 dart slugs
  28 orcs
  3 bats
  6 endoplasms
  2 giant cockroaches
  7 goblins
  12 hobgoblins
  64 kobolds
  6 quokkas
  6 ball pythons
  A frilled lizard (D:2)
  4 rats
  A spectral kobold (D:3)
277 creatures vanquished.

Vanquished Creatures (others)
  3 fungi (D:8)
  A plant (D:8)
4 creatures vanquished.

Grand Total: 281 creatures vanquished

Notes
Turn   | Place    | Note
-------+----------+-------------------------------------------
     0 | D:1      | frimble the Demonspawn Warper began the quest for the Orb.
     0 | D:1      | Reached XP level 1. HP: 16/16 MP: 3/3
   449 | D:1      | Gained mutation: You are partially covered in razor-sharp
                  | scales. (AC +1, Slay +1) [demonic ancestry]
   449 | D:1      | Reached XP level 2. HP: 3/22 MP: 5/5
  1182 | D:1      | Found a faded altar of an unknown god.
  1691 | D:2      | Reached skill level 1 in Short Blades
  1691 | D:2      | Reached skill level 1 in Stealth
  1691 | D:2      | Reached XP level 3. HP: 16/27 MP: 6/6
  1931 | D:2      | Learned a level 2 spell: Blink
  1934 | D:2      | Learned a level 2 spell: Passwall
  2574 | D:3      | Gained mutation: You have a small tail. [demonic ancestry]
  2574 | D:3      | Reached XP level 4. HP: 33/33 MP: 7/7
  2589 | D:3      | Found a sacrificial altar of Ru.
  2662 | D:3      | Found a hazy altar of Hepliaklqana.
  2802 | D:3      | Found a snail-covered altar of Cheibriados.
  3186 | D:3      | Became a worshipper of Cheibriados the Contemplative
  3241 | D:4      | Reached skill level 2 in Short Blades
  3474 | D:4      | Noticed an ogre
  3538 | D:4      | Gained mutation: You have a tail ending in a sharp stinger.
                  | [demonic ancestry]
  3538 | D:4      | Reached XP level 5. HP: 29/38 MP: 8/8
  3677 | D:4      | Killed an ogre
  3678 | D:4      | Reached skill level 3 in Short Blades
  3816 | D:4      | Reached XP level 6. HP: 34/44 MP: 9/9
  4099 | D:4      | Found a basalt altar of Yredelemnul.
  4497 | D:5      | Entered Level 5 of the Dungeon
  4504 | D:5      | Reached * piety under Cheibriados
  4723 | D:5      | Reached skill level 4 in Short Blades
  4930 | D:5      | Gained mutation: You sometimes gain a little power by
                  | taking damage. [demonic ancestry]
  4930 | D:5      | Reached XP level 7. HP: 47/50 MP: 10/10
  5013 | D:5      | Reached skill level 5 in Stealth
  5571 | D:6      | Reached skill level 5 in Short Blades
  5580 | D:6      | Reached ** piety under Cheibriados
  5618 | D:6      | Reached XP level 8. HP: 26/56 MP: 9/11
  5937 | D:6      | Reached skill level 1 in Evocations
  5941 | D:6      | Reached skill level 6 in Short Blades
  6228 | D:6      | Found a staircase to the Ecumenical Temple.
  6672 | D:6      | Reached *** piety under Cheibriados
  6708 | D:6      | Reached skill level 1 in Throwing
  6808 | D:6      | Identified the +0 robe "Kyveadgho" {Dex+3}
  6868 | D:6      | Reached **** piety under Cheibriados
  7164 | D:7      | Noticed Maggie
  7171 | D:7      | Killed Maggie
  7172 | D:7      | Reached skill level 7 in Short Blades
  7258 | D:7      | Noticed a hornet
  7261 | D:7      | Killed a hornet
  7262 | D:7      | Gained mutation: You sometimes gain power by taking damage.
                  | [demonic ancestry]
  7262 | D:7      | Reached XP level 9. HP: 61/61 MP: 12/12
  7396 | D:7      | Found a shadowy altar of Dithmenos.
  7435 | D:7      | Reached skill level 1 in Invocations
  7567 | D:7      | Found a runed translucent gate.
  7586 | D:7      | Found a runed translucent gate.
  7586 | D:7      | Found a runed translucent gate.
  7586 | D:7      | Noticed jayd512's ghost (novice DrCA)
  7705 | D:7      | Reached ***** piety under Cheibriados
  8012 | D:8      | Learned a level 3 spell: Ignite Poison
  8164 | D:8      | Found a stormy altar of Qazlal.
  8212 | D:8      | Reached skill level 1 in Poison Magic
  8235 | D:8      | Reached skill level 1 in Transmutations
  8235 | D:8      | Reached skill level 1 in Fire Magic
  8241 | D:8      | Noticed a komodo dragon
  8251 | D:8      | Killed a komodo dragon
  8252 | D:8      | Reached skill level 8 in Short Blades
  8422 | D:8      | You fall into a shaft and drop 1 floor!
  8432 | D:9      | Reached XP level 10. HP: 50/67 MP: 9/13
  8847 | D:8      | Found a staircase to the Lair.
  9015 | D:9      | Reached skill level 5 in Invocations
  9042 | D:9      | Noticed Harold
  9054 | D:9      | Killed Harold
  9058 | D:9      | Reached skill level 5 in Throwing
  9590 | D:10     | Entered Level 10 of the Dungeon
  9651 | D:10     | Noticed a two-headed ogre
  9659 | D:10     | Killed a two-headed ogre
  9735 | D:10     | Found a hide-covered altar of Uskayaw.
  9802 | D:10     | Reached XP level 11. HP: 52/72 MP: 11/15
  9807 | D:10     | Noticed Joseph
  9809 | D:10     | Reached skill level 1 in Shields
  9821 | D:10     | Reached skill level 9 in Short Blades
  9822 | D:10     | Noticed Grum
  9830 | D:10     | Killed Grum
  9937 | D:10     | Learned a level 5 spell: Irradiate
 10008 | D:10     | Killed Joseph
 10129 | D:10     | Found an ornate altar of the Wu Jian Council.
 10250 | D:10     | Found a bloodstained altar of Trog.
 10250 | D:10     | Found an opulent altar of Gozag.
 10250 | D:10     | Found an ancient bone altar of Kikubaaqudgha.
 10350 | D:11     | Identified the +7 short sword "Hoirog" {vorpal, MP+9}
 10383 | D:11     | Reached skill level 1 in Conjurations
 10452 | D:11     | Noticed a two-headed ogre
 10453 | D:11     | Noticed an eight-headed hydra
 10464 | D:11     | Slain by an eight-headed hydra

Illustrated notes

Levels and vault maps discovered:
D:1:      evilmike_arrival_hilbert_curve, layout_basic,
          chequers_ecumenical_altar_simple
D:2:      layout_basic
D:3:      layout_rooms, nicolae_hepliaklqana_monster_ancestors, zin_academy,
          mainiacjoe_overflow_catch_the_wave
D:4:      layout_loops_ring, elyvilon_altar_4, lemuel_doored_altar
D:5:      layout_basic
D:6:      minmay_goblin_kobold_castle, layout_loops_ring,
          minmay_temple_entry_statues_fountains, minmay_circle_x
D:7:      layout_gridville, nicolae_dithmenos_shadow_blocks,
          gammafunk_ghost_necromancy, hangedman_decor_slide_cut, uniq_maggie
D:8:      layout_loops_ring, grunt_qazlal_clouds, grunt_lair_entry_orc_guard_hut
D:9:      layout_irregular_city, uniq_harold
D:10:     layout_cave_pools, nicolae_uskayaw_dance_studio, old_standard_altar,
          gammafunk_temple_overflow_claw, serial_column_ruins, column_ruins_hut,
          column_ruins_hut, column_ruins_grid_3, column_ruins_open_tiny,
          column_ruins_grid_1, serial_bayou_pond_c, uniq_grum, uniq_joseph
D:11:     layout_long_grid, hiddenorc2_lemuel, gauntlet_entry_generic,
          patterned_corridor

Skill      XL: |  1  2  3  4  5  6  7  8  9 10 11 |
---------------+----------------------------------+-----
Long Blades    | 2 |  2.2
Dodging        | 2 3 |  3.0
Short Blades   | 1 2 3 4 5 7 8 9 |  9.2
Stealth        | 1 2 3 4 6 |  6.3
Evocations     | 4 |  4.8
Throwing       | 2 4 5 |  5.3
Invocations    | 4 6 |  6.2
Poison Magic   | 2 4 |  4.0
Transmutations | 2 3 4 |  4.0
Fire Magic     | 1 3 4 |  4.0
Shields        | 2 |  2.5
Conjurations   | 1 |  1.4
Fighting       | |  2.0
Armour         | |  0.8
Spellcasting   | |  2.0
Translocations | |  2.6

Action                   |  1- 3 |  4- 6 |  7- 9 | 10-12 || total
-------------------------+-------+-------+-------+-------++-------
Melee: Falchion          |    31 |       |       |       ||    31
       Short sword       |    66 |   136 |   365 |   185 ||   752
       Tailslap          |       |    14 |    72 |    41 ||   127
Throw: Boomerang         |       |     6 |    46 |     9 ||    61
 Cast: Blink             |       |     3 |    15 |     3 ||    21
       Ignite Poison     |       |       |     2 |     7 ||     9
Invok: Slouch            |       |       |       |     2 ||     2
       Temporal Distorti |       |       |       |     1 ||     1
Evoke: Wand              |       |       |    19 |     1 ||    20
  Use: Scroll            |       |     6 |     4 |     9 ||    19
       Potion            |       |       |     3 |     1 ||     4
 Stab: Sleeping          |     2 |     5 |     8 |     1 ||    16
       Invisible         |       |       |     3 |       ||     3
       Distracted        |       |       |       |     2 ||     2
Armor: Leather armour    |    24 |    24 |       |       ||    48
       Robe              |       |     8 |    62 |       ||    70
       Steam dragon scal |       |       |    57 |    51 ||   108
Dodge: Dodged            |    50 |    84 |   319 |   128 ||   581

Table legend: (Time is in decaauts)
 A = Elapsed time spent in this place.
 B = Non-inter-level travel time spent in this place.
 C = Inter-level travel time spent in this place.
 D = Time resting spent in this place.
 E = Time spent auto-exploring this place.
 F = Levels seen in this place.
 G = Mean time per level.
                   A        B        C        D        E       F      G
               +--------+--------+--------+--------+--------+-----+--------+
         Total |  13609 |  12453 |   1156 |    186 |   9986 |  11 | 1237.2 |
       Dungeon |  13609 |  12453 |   1156 |    186 |   9986 |  11 | 1237.2 |
               +--------+--------+--------+--------+--------+-----+--------+

Top non-repeatable levels by time:
     D:6: 2142 daAuts
     D:1: 1647 daAuts
     D:9: 1349 daAuts
     D:7: 1326 daAuts
     D:4: 1306 daAuts
     D:8: 1248 daAuts
     D:3: 1188 daAuts
    D:10: 1187 daAuts
     D:5: 1165 daAuts
     D:2: 882 daAuts
    D:11: 164 daAuts
